 Dungeon Crawl Stone Soup version 0.30-a0-743-gbfdf073431 (webtiles) character file.

Game seed: 16670021263150042633

596 jimonade the Cutter (level 7, -9/53 HPs)
             Began as a Djinni Fighter on Feb 6, 2023.
             Was a Follower of Ashenzari.
             Mangled by a gargoyle
             ... wielding a +0 mace
              (10 damage)
             ... on level 6 of the Dungeon.
             The game lasted 00:09:10 (6120 turns).

jimonade the Cutter (Djinni Fighter)                Turns: 6120, Time: 00:09:10

Health: -9/53      AC:  9    Str: 15    XL:     7   Next: 67%
Gold:   230        EV: 11    Int: 12    God:    Ashenzari [*.....] SH:  6 Dex: 18

rFire   + + .      SeeInvis .    a - +5 quick blade (venom)
rCold   . . .      Faith    .    c - +0 buckler
rNeg    . . .      Spirit   .    B - +2 ring mail of Supernal Knowledge {rPois, Fort, Self} (curse)
rPois   ∞          Reflect  .    (no helmet)
rElec   .          Harm     .    C - +0 cloak of the Cryptic Repose {Evo, Self} (curse)
rCorr   .          Rampage  .    (no gloves)
Will    .....                    (boots unavailable)
Stlth   +                        (no amulet)
HPRegen 0.28/turn                j - ring of protection from cold
MPRegen 0.00/turn                n - +6 ring of dexterity

@: flying
A: sickness immunity, fire resistance 2, cold vulnerability 1, float, innate
caster, HP casting, extra vitality 1
a: Renounce Religion, Curse Item, Shatter the Chains


You were on level 6 of the Dungeon.
You worshipped Ashenzari.
Ashenzari was aware of your devotion.
You visited 2 branches of the dungeon, and saw 7 of its levels.

You collected 230 gold pieces.

Inventory:

Hand Weapons
 a - a +5 quick blade of venom (weapon)
 k - a +2 dagger of venom
 A - a +2 whip of electrocution
 D - a +0 rapier
Missiles
 q - 3 boomerangs (quivered)
 z - 8 poisoned darts
Armour
 c - a +0 buckler (worn)
 r - a +0 chain mail
 B - the cursed +2 ring mail of Supernal Knowledge (worn) {rPois, Fort, Self}
   (You took it off an orc on level 3 of the Dungeon)

   It has a curse which improves the following skills: Fortitude: Armour and
   Shields.
   Introspection: Fighting and Spellcasting.
 C - the cursed +0 cloak of the Cryptic Repose (worn) {Evo, Self}
   (You found it on level 4 of the Dungeon)

   It has a curse which improves the following skills: Evocations: Evocations.
   Introspection: Fighting and Spellcasting.
Magical Staves
 l - a staff of death
 v - a staff of fire
Jewellery
 f - a ring of protection from cold
 j - a ring of protection from cold (left hand)
 n - a +6 ring of dexterity (right hand)
 u - a ring of resist corrosion
 x - a ring of ice
Wands
 b - a wand of acid (2)
 s - a wand of flame (6)
 I - a wand of digging (3)
Scrolls
 e - a scroll of summoning
 g - 6 scrolls of identify
 h - 2 scrolls of poison
 o - a scroll of immolation
 p - a scroll of silence
 t - a scroll of fear
 y - 3 scrolls of teleportation
 H - a scroll of enchant armour
 J - a scroll of vulnerability
 K - a scroll of brand weapon
Potions
 d - a potion of might
 i - a potion of resistance
 m - a potion of lignification
 w - 2 potions of attraction
 E - 3 potions of ambrosia
 F - a potion of mutation
 G - a potion of haste


   Skills:
 + Level 3.6(4.9) Fighting
 * Level 5.4 Short Blades
 + Level 4.4(5.2) Armour
 + Level 1.8 Dodging
 + Level 0.9 Stealth
 + Level 3.7(4.5) Shields


You had one spell level left.
You knew the following spells:

 Your Spells              Type           Power      Damage    Failure   Level
a - Apportation           Tloc           0%         N/A       58%         1
b - Wereblood             Tmut           0%         N/A       75%         2
c - Static Discharge      Conj/Air       0%         2-2/arc   75%         2
Your spell library was empty.

Dungeon Overview and Level Annotations

Branches:
Dungeon (6/15)             Temple (1/1) D:4

Altars:
Ashenzari
Dithmenos
Elyvilon
Fedhas
Gozag
Makhleb
Nemelex Xobeh
Okawaru
Qazlal
Ru
Trog
Xom
The Shining One

Annotations:
D:5 2 transporters


Innate Abilities, Weirdness & Mutations

You are immune to sickness and miasma.
You are immune to poison.
Your flesh is very heat resistant. (rF++)
You are vulnerable to cold. (rC-)
You float through the air rather than walking.
You learn spells naturally, not from books.
Your magical power is your life essence.
You have superior vitality. (+4 MHP)


Message History

You closely miss the orc.
The orc is severely wounded.
You hit the orc.
You kill the orc!
No target in view!
You now have 230 gold pieces (gained 8).
K - a scroll of brand weapon
There is an escape hatch in the ceiling here.
As you open the door, it creaks loudly!
You reach down and open the door.
There is an open door here.
A gargoyle comes into view. It is wielding a +0 mace.
The gargoyle hurls a stone arrow at you.
The stone arrow hits you!! The gargoyle barely misses you.
You hit the gargoyle but do no damage. You hit the gargoyle but do no damage.
The gargoyle hurls a stone arrow at you.
The stone arrow hits you!!
* * * LOW HITPOINT WARNING * * *
You hit the gargoyle but do no damage. You hit the gargoyle but do no damage.
The gargoyle barely misses you.
You hit the gargoyle but do no damage. You hit the gargoyle.
The gargoyle is moderately damaged.
You block the gargoyle's attack.
You hit the gargoyle but do no damage.
The gargoyle is moderately damaged.
You hit the gargoyle but do no damage.
The gargoyle is moderately damaged.
You barely miss the gargoyle.
The gargoyle is moderately damaged.
The gargoyle hits you with a +0 mace!
* * * LOW HITPOINT WARNING * * *
You hit the gargoyle but do no damage.
The gargoyle is moderately damaged.
You hit the gargoyle but do no damage.
The gargoyle is moderately damaged.
The gargoyle hits you with a +0 mace!
You die...

##.#.......# ######
...######### #####..
........# .......
..####### ....... ..#
#######....... ..#
............. >.#
........... ..# #######
#..9...... ###
#.....####@.......
#######.....'...........
......^.....####.#######
............# #...
.......##'### ....#
.......##.# ###.#
...))..##.# .#
.......##.# .#
.......##.# #


You could see a gargoyle.

Vanquished Creatures
  A black bear (D:5)
  2 phantoms
  A howler monkey (D:5)
  2 hounds
  2 iguanas
  2 gnolls
  8 adders
  A white imp (D:5)
  An ufetubus (D:5)
  2 worms (D:3)
  A dart slug (D:3)
  13 orcs
  9 ball pythons
  8 bats
  5 endoplasms
  7 giant cockroaches
  9 goblins
  5 hobgoblins
  3 jackals (D:3)
  2 quokkas
  2 frilled lizards (D:2)
  8 kobolds
  4 rats (D:2)
98 creatures vanquished.

Vanquished Creatures (others)
  A plant (D:5)
1 creature vanquished.

Grand Total: 99 creatures vanquished

Notes
Turn   | Place    | Note
-------+----------+-------------------------------------------
     0 | D:1      | jimonade the Djinni Fighter began the quest for the Orb.
     0 | D:1      | Reached XP level 1. HP: 20/20 MP: 0/0
   228 | D:1      | Found a faded altar of an unknown god.
   253 | D:1      | Reached XP level 2. HP: 25/25 MP: 0/0
   329 | D:1      | Reached skill level 2 in Short Blades
   489 | D:1      | Reached XP level 3. HP: 30/30 MP: 0/0
   489 | D:1      | Learned a level 1 spell: Apportation
  1309 | D:2      | Reached XP level 4. HP: 33/35 MP: 0/0
  2063 | D:3      | HP: 1/35 [orc/+0 trident (7)]
  2629 | D:3      | Found a burning altar of Makhleb.
  2687 | D:3      | Reached skill level 3 in Short Blades
  2687 | D:3      | Reached XP level 5. HP: 9/40 MP: 0/0
  2687 | D:3      | Learned a level 2 spell: Wereblood
  3202 | D:3      | Reached skill level 1 in Dodging
  3265 | D:3      | Found a sparkling altar of Nemelex Xobeh.
  3585 | D:4      | Found a staircase to the Ecumenical Temple.
  3603 | Temple   | Entered the Ecumenical Temple
  3748 | Temple   | Became a worshipper of Ashenzari the Shackled
  3796 | D:4      | Found a sacrificial altar of Ru.
  4082 | D:4      | Reached XP level 6. HP: 41/46 MP: 0/0
  4119 | D:4      | Found a glowing golden altar of the Shining One.
  4158 | D:4      | Reached skill level 4 in Short Blades
  4171 | D:4      | Found an iron altar of Okawaru.
  4609 | D:5      | Entered Level 5 of the Dungeon
  4822 | D:5      | Noticed an air elemental
  4832 | D:5      | Found a stormy altar of Qazlal.
  4841 | D:5      | Noticed a water elemental
  4842 | D:5      | Noticed a fire elemental
  4988 | D:5      | Reached XP level 7. HP: 31/51 MP: 0/0
  4988 | D:5      | Learned a level 2 spell: Static Discharge
  5098 | D:5      | Reached skill level 5 in Short Blades
  5098 | D:5      | Found a transporter.
  5370 | D:5      | Reached * piety under Ashenzari
  5370 | D:5      | Identified a scroll of acquirement
  5371 | D:5      | Acquired a +5 quick blade of venom
  5466 | D:5      | Found a transporter.
  5579 | D:6      | Found a bloodstained altar of Trog.
  6105 | D:6      | Noticed a gargoyle
  6118 | D:6      | HP: 1/53 [gargoyle/+0 mace (14)]
  6120 | D:6      | Mangled by a gargoyle

Illustrated notes

Levels and vault maps discovered:
D:1:      sevenhm_arrival_forest_fort_large_4, layout_basic,
          hellmonk_ecumenical_altar_run_dry
D:2:      layout_basic
D:3:      layout_loops_cross, lemuel_round_altar, lemuel_doored_altar
D:4:      layout_cave_pods, nicolae_ru_awakened_eye,
          mainiacjoe_overflow_small_starburst, okawaru_altar_gauntlet_db,
          minmay_temple_entry_waves
D:5:      gammafunk_cloud_chamber, layout_loops_ring,
          nicolae_qazlal_style_of_elements, saegor_snake_ambush
D:6:      layout_basic, mainiacjoe_overflow_catwalk, solitary_fountain,
          uniq_sigmund
Temple:   nicolae_temple_bog_church

Skill      XL: |  1  2  3  4  5  6  7 |
---------------+----------------------+-----
Short Blades   | 2 3 4 5 |  5.4
Dodging        | 1 |  1.8
Armour         | 4 |  4.4
Fighting       | |  3.6
Stealth        | |  0.9
Shields        | |  3.7

Action                     |  1- 3 |  4- 6 |  7- 9 || total
---------------------------+-------+-------+-------++-------
  Melee: Rapier            |    99 |   203 |       ||   302
         Dagger            |       |    84 |    45 ||   129
         Quick blade       |       |       |    34 ||    34
 Invoke: Curse Item        |       |     1 |     1 ||     2
    Use: Scroll            |       |       |     1 ||     1
 Armour: Scale mail        |    54 |    56 |       ||   110
         Ring mail         |       |    50 |    19 ||    69
  Dodge: Dodged            |    49 |   124 |    25 ||   198
  Block: Buckler           |    28 |    52 |    13 ||    93

Table legend: (Time is in decaauts)
 A = Elapsed time spent in this place.
 B = Non-inter-level travel time spent in this place.
 C = Inter-level travel time spent in this place.
 D = Time resting spent in this place.
 E = Time spent auto-exploring this place.
 F = Levels seen in this place.
 G = Mean time per level.
                   A        B        C        D        E       F      G
               +--------+--------+--------+--------+--------+-----+--------+
         Total |   6107 |   5744 |    363 |    424 |   4406 |   7 |  872.4 |
       Dungeon |   5950 |   5618 |    332 |    424 |   4286 |   6 |  991.7 |
        Temple |    156 |    125 |     31 |      0 |    120 |   1 |  156.0 |
               +--------+--------+--------+--------+--------+-----+--------+

Top non-repeatable levels by time:
     D:2: 1638 daAuts
     D:4: 1033 daAuts
     D:3: 980 daAuts
     D:5: 915 daAuts
     D:1: 822 daAuts
     D:6: 560 daAuts
  Temple: 156 daAuts
